 Dungeon Crawl Stone Soup version 0.31-a0-259-g771a54ca4b (webtiles) character file.

Game seed: 12162302354141474001

49 qw the Shooter (level 3, -1/22 HPs)
             Began as a Gargoyle Hexslinger on July 13, 2023.
             Slain by a goblin
             ... wielding a +0 club
             ... led by Robin
              (4 damage)
             ... on level 3 of the Dungeon.
             The game lasted 00:00:28 (1237 turns).

qw the Shooter (Gargoyle Hexslinger)                Turns: 1237, Time: 00:00:29

Health: -1/22      AC:  9    Str: 11    XL:     3   Next: 75%
Magic:  4/4        EV: 10    Int: 13    God:
Gold:   140        SH:  0    Dex: 14    Spells: 3/4 levels left

rFire   . . .        Y - +1 sling
rCold   . . .        (no shield)
rNeg    + . .        k - +0 ring mail
rPois   inf          (no helmet)
rElec   +            e - +0 cloak
rCorr   .            (no gloves)
SInv    .            (no boots)
Will    .....        (no amulet)
Stlth   +            (no ring)
HPRegen 0.23/turn    (no ring)
MPRegen 0.09/turn

%: no passive effects
@: no status effects
A: sickness immunity, AC +3, negative energy resistance 1, electricity
resistance, torment resistance 1, petrification resistance
a: no special abilities


You were on level 3 of the Dungeon.
You visited 1 branch of the dungeon, and saw 3 of its levels.

You collected 140 gold pieces.


Innate Abilities, Weirdness & Mutations

You are immune to sickness and miasma.
Your stone body is resilient. (AC +3)
You are immune to poison.
You resist negative energy. (rN+)
You are resistant to electric shocks. (rElec)
You are resistant to unholy torment.
You are immune to petrification.


   Skills:
 - Level 2.3 Fighting
 - Level 3.2 Ranged Weapons
 + Level 0.8 Armour
 - Level 1.5 Dodging
 - Level 1.0 Spellcasting
 - Level 2.6 Hexes


You had 3 spell levels left.
You knew the following spells:

 Your Spells              Type           Power      Damage    Failure   Level
a - Slow                  Hex            28%        N/A       22%         1

Your spell library contained the following spells:

 Spells                   Type           Power      Damage    Failure   Level
 Inner Flame              Hex/Fire       4%         N/A       75%         3
 Portal Projectile        Hex/Tloc       8%         N/A       75%         3
 Cause Fear               Hex            3%         N/A       92%         4

Inventory:

Hand Weapons
 Y - a +1 sling (weapon)
Armour
 e - a +0 cloak (worn)
 k - a +0 ring mail (worn)
Scrolls
 a - a scroll of identify
 b - a scroll of teleportation
Potions
 f - a potion of attraction {unknown}
 g - a potion of haste
 h - a potion of curing {unknown}
 i - a potion of mutation {unknown}

Dungeon Overview and Level Annotations

Branches:
Dungeon (3/15)

Altars:

Annotations:
D:3 Robin


Message History

The goblin hits you with a +0 dagger.
You shoot a sling bullet. The sling bullet hits the goblin.
You kill the goblin!
The goblin closely misses you. x2; The goblin hits you but does no damage. x2
The goblin hits you with a +0 club. The goblin closely misses you.
Robin's horned helmet rattles.
The goblin hits you but does no damage. x2
You shoot a sling bullet. The sling bullet hits the goblin.
The goblin is moderately wounded.
A hobgoblin comes into view.
The goblin hits you but does no damage. The goblin barely misses you.
The goblin hits you but does no damage. x2; The goblin barely misses you.
You shoot a sling bullet. The hobgoblin shouts!
The sling bullet hits the goblin.
You kill the goblin!
Robin throws the goblin at you!
The goblin hits you but does no damage. x2
The goblin closely misses you. The goblin hits you but does no damage.
You shoot a sling bullet.
The sling bullet closely misses the goblin.
The goblin barely misses you.
The goblin hits you but does no damage. x4
The hobgoblin hits you but does no damage.
The goblin barely misses you. x2
The hobgoblin hits you but does no damage.
The goblin hits you but does no damage.
You shoot a sling bullet. The sling bullet barely misses Robin.
Robin barely misses you. The hobgoblin barely misses you.
The goblin closely misses you. The hobgoblin barely misses you.
The goblin closely misses you. The goblin barely misses you.
The goblin hits you but does no damage.
You shoot a sling bullet. The sling bullet hits Robin.
Robin is moderately wounded.
Robin roars a battlecry!
The goblins go into a battle-frenzy!
The hobgoblin hits you. The goblin closely misses you.
The hobgoblin hits you but does no damage.
The goblin hits you with a +0 dagger. The goblin barely misses you.
The goblin closely misses you. Robin hits you with a +0 dagger.
The goblin hits you with a +0 club.
You die...

##.....^.......#
#..##..........
#..##.........#
#..####..####..
##..#.....> .#
##....(...#.# .
####.?....(......
....#.ggg.......)..##
.....gg@..........
.!....ggg.).......
...?..............
....#####........#
$... #####.... ..
.... . ..


You could see Robin, 3 hobgoblins and 4 goblins.

Vanquished Creatures
  An adder (D:2)
  3 ball pythons (D:2)
  3 endoplasms (D:1)
  2 giant cockroaches
  3 goblins
  6 hobgoblins
  4 jackals (D:1)
  2 kobolds (D:1)
  3 quokkas
  3 bats
  3 rats
33 creatures vanquished.

Notes
Turn   | Place    | Note
-------+----------+-------------------------------------------
     0 | D:1      | qw the Gargoyle Hexslinger began the quest for the Orb.
     0 | D:1      | Reached XP level 1. HP: 12/12 MP: 2/2
     0 | D:1      | 0 ||| qw: Version: 0.3-a-52-g30416fa
     0 | D:1      | 0 ||| qw: Game counter: 6884
     0 | D:1      | 0 ||| qw: Melee chars always use a shield: true
     0 | D:1      | 0 ||| qw: God list: Okawaru
     0 | D:1      | 0 ||| qw: Allow faded altars: false
     0 | D:1      | 0 ||| qw: Do Orc after clearing Dungeon:15 true
     0 | D:1      | 0 ||| qw: Do second Lair branch before Depths: true
     0 | D:1      | 0 ||| qw: Lair rune preference: random
     0 | D:1      | 0 ||| qw: Goals: Normal
     0 | D:1      | 0 ||| PLANNING D:1-11
   200 | D:1      | Reached XP level 2. HP: 14/16 MP: 3/3
   298 | D:1      | Reached skill level 3 in Ranged Weapons
   746 | D:1      | 746 ||| UPGRADING to +0 ring mail.
   756 | D:1      | 756 ||| DROPPING +0 robe.
   757 | D:1      | 757 ||| DROPPING +6 ring of intelligence.
   758 | D:1      | 758 ||| READING 3 scrolls labelled GECRIMAXU.
   759 | D:1      | 759 ||| READING scroll labelled OSHROPP TYCH.
   760 | D:1      | 760 ||| DRINKING 2 yellow potions.
   761 | D:1      | 761 ||| READING 2 scrolls of identify.
   761 | D:1      | 761 ||| IDENTIFYING white potion
   762 | D:1      | 762 ||| DROPPING scroll of poison.
   763 | D:1      | 763 ||| DROPPING potion of degeneration.
   781 | D:2      | Reached XP level 3. HP: 22/22 MP: 4/4
  1143 | D:2      | 1143 ||| UPGRADING to +0 cloak.
  1148 | D:2      | 1148 ||| READING 2 scrolls labelled HIEHUSTRYZOORR.
  1152 | D:2      | 1152 ||| READING scroll labelled QATYKHLANALL.
  1153 | D:2      | 1153 ||| READING 2 scrolls of identify.
  1153 | D:2      | 1153 ||| IDENTIFYING pink potion
  1154 | D:2      | 1154 ||| DROPPING potion of brilliance.
  1229 | D:3      | Noticed Robin
  1237 | D:3      | HP: 5/22 [hobgoblin[Robin] (5)]
  1237 | D:3      | Slain by a goblin

Levels and vault maps discovered:
D:1:      co_arrival_random_square_maze, layout_basic
D:2:      layout_rooms
D:3:      layout_rooms, mainiacjoe_overflow_boulevard,
          nicolae_wu_jian_wuxing_cycle, uniq_robin

Skill      XL: |  1  2 |
---------------+-------+-----
Ranged Weapons | 3 |  3.2
Fighting       | 2 |  2.3
Armour         | |  0.8
Dodging        | |  1.5
Spellcasting   | |  1.0
Hexes          | |  2.6

Action                     || total
---------------------------++-------
   Fire: Sling             ||   109
    Use: Scroll            ||     6
         Potion            ||     1
 Armour: Robe              ||     6
         Ring mail         ||    50
  Dodge: Dodged            ||    73

Table legend:
 A = Non-vault XP
 B = Vault XP
 C = Vault XP percentage of total XP
 D = Non-vault monster count
 E = Vault monster count
 F = Vault count percentage of total count
                 A         B        C        D         E       F
            +---------+---------+-------+---------+---------+-------
      Total |      62 |       8 |  11.4 |      29 |       4 |  12.1
            +---------+---------+-------+---------+---------+-------
        D:1 |      32 |       0 |   0.0 |      18 |       0 |   0.0
        D:2 |      27 |       0 |   0.0 |       9 |       0 |   0.0
        D:3 |       3 |       8 |  72.7 |       2 |       4 |  66.7
            +---------+---------+-------+---------+---------+-------
